BSA
CHICAGO MACHINE @ JERSEY SHORE D-BAGS
09/21/2024
 
TOP OF THE 1ST
Chicago Machine batting - Pitching for Jersey Shore D-Bags : RHP Roland Martin
Pitching: RHP Roland Martin
Batting: LHB Marcos Vargas 0-0: Ball
1-0: Called Strike
1-1: Ball
2-1: Ball
3-1: Ground out 1-3 (Groundball, 23)
Batting: SHB Joaquín López 0-0: Ball
1-0: Foul Ball, location: 2F
1-1: Foul Ball, location: 2F
1-2: Ball
2-2: Strikes out swinging
Batting: LHB Eric Wheeler 0-0: Ball
1-0: Ground out 4-3 (Groundball, 4)
Top of the 1st over - 0 run(s), 0 hit(s), 0 error(s), 0 left on base; Chicago 0 - Jersey Shore 0
BOTTOM OF THE 1ST
Jersey Shore D-Bags batting - Pitching for Chicago Machine : RHP Kiyomitsu Fujii
Pitching: RHP Kiyomitsu Fujii
Batting: RHB Cy Keynes 0-0: Ball
1-0: Ball
2-0: Foul Ball, location: 2F
2-1: Called Strike
2-2: Strikes out swinging
Batting: LHB Robert Phillips 0-0: Ball
1-0: Called Strike
1-1: Fly out, F7 (Flyball, 78S)
Batting: SHB Tadahisa Kisuki 0-0: Foul Ball, location: 2F
0-1: Ball
1-1: Ball
2-1: Ground out 4-3 (Groundball, 4)
Bottom of the 1st over - 0 run(s), 0 hit(s), 0 error(s), 0 left on base; Chicago 0 - Jersey Shore 0
TOP OF THE 2ND
Chicago Machine batting - Pitching for Jersey Shore D-Bags : RHP Roland Martin
Batting: LHB Luis Sánchez 0-0: Called Strike
0-1: Ball
1-1: Fly out, F2 (Popup, 25F)
Batting: LHB Bob Smith 0-0: Ball
1-0: Fly out, F6 (Popup, 56D)
Batting: LHB Domingo Flores 0-0: Ball
1-0: Foul Ball, location: 2F
1-1: Foul Ball, location: 2F
1-2: Fly out, F4 (Line Drive, 4M)
Top of the 2nd over - 0 run(s), 0 hit(s), 0 error(s), 0 left on base; Chicago 0 - Jersey Shore 0
BOTTOM OF THE 2ND
Jersey Shore D-Bags batting - Pitching for Chicago Machine : RHP Kiyomitsu Fujii
Batting: LHB Dave Dodd 0-0: Fly out, F7 (Flyball, 78S)
Batting: LHB Mike Bryant 0-0: Foul Ball, location: 2F
0-1: Ball
1-1: Foul Ball, location: 2F
1-2: Foul Ball, location: 2F
1-2: Fly out, F7 (Flyball, 7D)
Batting: SHB William Martel 0-0: Ball
1-0: Foul Ball, location: 2F
1-1: Ball
2-1: Called Strike
2-2: Ball
3-2: Foul Ball, location: 2F
3-2: Base on Balls
Batting: LHB Armando Macías 0-0: Ball
1-0: Swinging Strike
1-1: Ball
2-1: Ball
3-1: Base on Balls
William Martel to second
Batting: RHB Gerardo Escobedo 0-0: Ball
1-0: Foul Ball, location: 2F
1-1: Foul Ball, location: 2F
1-2: Foul Ball, location: 2F
1-2: Foul Ball, location: 2F
1-2: SINGLE (Line Drive, 56)
William Martel to third
Armando Macías to second
Runner from 3rd tries for Home, SAFE, no throw or cutoff
Batting: RHB Millard Boyd 0-0: Foul Ball, location: 2F
0-1: Ball
1-1: Foul Ball, location: 2F
1-2: Ball
2-2: Ball
3-2: Strikes out swinging
Bottom of the 2nd over - 1 run(s), 1 hit(s), 0 error(s), 2 left on base; Chicago 0 - Jersey Shore 1
TOP OF THE 3RD
Chicago Machine batting - Pitching for Jersey Shore D-Bags : RHP Roland Martin
Batting: SHB Luis Muñóz 0-0: Swinging Strike
0-1: Ball
1-1: Ground out 4-3 (Groundball, 4)
Batting: RHB Roberto Cardona 0-0: Ball
1-0: Fly out, F9 (Flyball, 89D)
Batting: RHB Fabrice Brodeur 0-0: Ground out 4-3 (Groundball, 4M)
Top of the 3rd over - 0 run(s), 0 hit(s), 0 error(s), 0 left on base; Chicago 0 - Jersey Shore 1
BOTTOM OF THE 3RD
Jersey Shore D-Bags batting - Pitching for Chicago Machine : RHP Kiyomitsu Fujii
Batting: RHB Cy Keynes 0-0: Ball
1-0: Ball
2-0: Called Strike
2-1: Foul Ball, location: 2F
2-2: SINGLE (Line Drive, 5D)
Batting: LHB Robert Phillips 0-0: Called Strike
0-1: Ball
1-1: Swinging Strike
1-2: Ball
2-2: Ball
3-2: DOUBLE (Groundball, 3L)
Cy Keynes to third
Batting: SHB Tadahisa Kisuki 0-0: Called Strike
0-1: Ball
1-1: Fly out, F9 (Flyball, 9D)
Runner from 3rd tags up, SCORES, no throw
Batting: LHB Dave Dodd 0-0: Foul Ball, location: 2F
0-1: Ball
1-1: Foul Ball, location: 2F
Balk!
Robert Phillips to third
1-2: Ball
2-2: Fly out, F9 (Line Drive, 89D)
Runner from 3rd tags up, SCORES, no throw
Batting: LHB Mike Bryant 0-0: SINGLE (Line Drive, 4MD)
Batting: SHB William Martel 0-0: Swinging Strike
0-1: Ball
1-1: Called Strike
1-2: Fielders Choice at 2nd, 5-4 (Groundball, 56)
Bottom of the 3rd over - 2 run(s), 3 hit(s), 0 error(s), 0 left on base; Chicago 0 - Jersey Shore 3
TOP OF THE 4TH
Chicago Machine batting - Pitching for Jersey Shore D-Bags : RHP Roland Martin
Batting: LHB Marcos Vargas 0-0: Ball
1-0: SINGLE (Flyball, 7S)
Batting: SHB Joaquín López 0-0: Foul Ball, location: 2F
0-1: Ball
1-1: Fly out, F7 (Flyball, 7M)
Batting: LHB Eric Wheeler 0-0: Called Strike
Marcos Vargas is caught stealing 2nd base
0-1: Swinging Strike
0-2: Ball
1-2: Foul Ball, location: 2F
1-2: Ball
2-2: Ball
3-2: Foul Ball, location: 2F
3-2: Fly out, F5 (Popup, 5F)
Top of the 4th over - 0 run(s), 1 hit(s), 0 error(s), 0 left on base; Chicago 0 - Jersey Shore 3
BOTTOM OF THE 4TH
Jersey Shore D-Bags batting - Pitching for Chicago Machine : RHP Kiyomitsu Fujii
Batting: LHB Armando Macías 0-0: Ground out U3 (Groundball, 3)
Batting: RHB Gerardo Escobedo 0-0: Ball
1-0: Ball
2-0: Ball
3-0: Called Strike
3-1: Foul Ball, location: 2F
3-2: SINGLE (Flyball, 8RS)
Batting: RHB Millard Boyd 0-0: Swinging Strike
0-1: Ball
1-1: Fielders Choice at 2nd, 5-4 (Groundball, 56)
Batting: RHB Cy Keynes 0-0: Swinging Strike
0-1: Ball
1-1: Ball
2-1: Ball
3-1: Called Strike
3-2: Foul Ball, location: 2F
3-2: Foul Ball, location: 2F
3-2: Foul Ball, location: 2F
3-2: Ground out 4-3 (Groundball, 4M)
Bottom of the 4th over - 0 run(s), 1 hit(s), 0 error(s), 1 left on base; Chicago 0 - Jersey Shore 3
TOP OF THE 5TH
Chicago Machine batting - Pitching for Jersey Shore D-Bags : RHP Roland Martin
Batting: LHB Luis Sánchez 0-0: Called Strike
0-1: Swinging Strike
0-2: Strikes out swinging
Batting: LHB Bob Smith 0-0: Ball
1-0: Foul Ball, location: 2F
1-1: Foul Ball, location: 2F
1-2: Foul Ball, location: 2F
1-2: Fly out, F8 (Flyball, 8RXD)
Batting: LHB Domingo Flores 0-0: Ball
1-0: Ball
2-0: Ground out 4-3 (Groundball, 4)
Top of the 5th over - 0 run(s), 0 hit(s), 0 error(s), 0 left on base; Chicago 0 - Jersey Shore 3
BOTTOM OF THE 5TH
Jersey Shore D-Bags batting - Pitching for Chicago Machine : RHP Kiyomitsu Fujii
Batting: LHB Robert Phillips 0-0: Ball
1-0: Fly out, F5 (Popup, 15)
Batting: SHB Tadahisa Kisuki 0-0: Ball
1-0: Ball
2-0: Called Strike
2-1: DOUBLE (Line Drive, 3L)
Batting: LHB Dave Dodd 0-0: Ball
1-0: Ball
2-0: Ball
3-0: Called Strike
3-1: Swinging Strike
3-2: Base on Balls
Pitching: LHP John Lane
Batting: LHB Mike Bryant 0-0: Foul Ball, location: 2F
0-1: Swinging Strike
0-2: Ball
1-2: Ball
2-2: Strikes out swinging
Batting: SHB William Martel 0-0: Ball
1-0: Ground out 5-3 (Groundball, 5S)
Bottom of the 5th over - 0 run(s), 1 hit(s), 0 error(s), 2 left on base; Chicago 0 - Jersey Shore 3
TOP OF THE 6TH
Chicago Machine batting - Pitching for Jersey Shore D-Bags : RHP Roland Martin
Batting: SHB Luis Muñóz 0-0: Ball
1-0: Ball
2-0: Foul Ball, location: 2F
2-1: Fly out, F8 (Flyball, 8RXD)
Batting: RHB Roberto Cardona 0-0: Called Strike
0-1: Foul Ball, location: 2F
0-2: Ball
1-2: Ball
2-2: Foul Ball, location: 2F
2-2: Strikes out swinging
Batting: RHB Fabrice Brodeur 0-0: Called Strike
0-1: Foul Ball, location: 2F
0-2: Fly out, F4 (Line Drive, 4)
Top of the 6th over - 0 run(s), 0 hit(s), 0 error(s), 0 left on base; Chicago 0 - Jersey Shore 3
BOTTOM OF THE 6TH
Jersey Shore D-Bags batting - Pitching for Chicago Machine : LHP John Lane
Batting: LHB Armando Macías 0-0: Ground out 6-3 (Groundball, 6)
Batting: RHB Gerardo Escobedo 0-0: Called Strike
0-1: Fly out, F4 (Line Drive, 4M)
Batting: RHB Millard Boyd 0-0: Foul Ball, location: 2F
0-1: Ball
1-1: Ball
2-1: Ball
3-1: Ground out 6-3 (Groundball, 6M)
Bottom of the 6th over - 0 run(s), 0 hit(s), 0 error(s), 0 left on base; Chicago 0 - Jersey Shore 3
TOP OF THE 7TH
Chicago Machine batting - Pitching for Jersey Shore D-Bags : RHP Roland Martin
Batting: LHB Marcos Vargas 0-0: Called Strike
0-1: Foul Ball, location: 2F
0-2: Ball
1-2: Ball
2-2: SINGLE (Groundball, 4MD)
Batting: SHB Joaquín López 0-0: Called Strike
0-1: Ball
1-1: Foul Ball, location: 2F
1-2: Fly out, F8 (Line Drive, 8LD)
Batting: LHB Eric Wheeler Pickoff Throw to First - Out!
0-0: Ball
1-0: Ball
2-0: Ball
3-0: Called Strike
3-1: Swinging Strike
3-2: Strikes out swinging
Top of the 7th over - 0 run(s), 1 hit(s), 0 error(s), 0 left on base; Chicago 0 - Jersey Shore 3
BOTTOM OF THE 7TH
Jersey Shore D-Bags batting - Pitching for Chicago Machine : LHP John Lane
Batting: RHB Cy Keynes 0-0: Ball
1-0: Ball
2-0: Foul Ball, location: 2F
2-1: Ball
3-1: Ground out 6-3 (Groundball, 6M)
Batting: LHB Robert Phillips 0-0: Ball
1-0: Called Strike
1-1: Called Strike
1-2: SINGLE (Line Drive, 78S)
Pitching: LHP Austin Wall
Batting: SHB Tadahisa Kisuki 0-0: Called Strike
0-1: Fly out, F7 (Flyball, 7M)
Batting: LHB Dave Dodd 0-0: Called Strike
0-1: Fly out, F7 (Flyball, 7M)
Bottom of the 7th over - 0 run(s), 1 hit(s), 0 error(s), 1 left on base; Chicago 0 - Jersey Shore 3
TOP OF THE 8TH
Chicago Machine batting - Pitching for Jersey Shore D-Bags : RHP Roland Martin
Batting: LHB Luis Sánchez 0-0: Ball
1-0: Ball
2-0: Ball
3-0: Called Strike
3-1: Called Strike
3-2: Base on Balls
Batting: LHB Bob Smith 0-0: Called Strike
0-1: Foul Ball, location: 2F
0-2: Strikes out swinging
Batting: LHB Domingo Flores 0-0: Ball
1-0: Ball
2-0: Ball
3-0: Called Strike
3-1: Foul Ball, location: 2F
3-2: Foul Ball, location: 2F
3-2: Base on Balls
Luis Sánchez to second
Pitching: LHP Hyo-chin Kim
Batting: SHB Luis Muñóz 0-0: Ball
1-0: Foul Ball, location: 2F
1-1: Ball
2-1: Foul Ball, location: 2F
2-2: Foul Ball, location: 2F
2-2: Ball
3-2: Reached on error, E2 (Groundball, 23)
Luis Sánchez scores
Domingo Flores to third
Pitching: RHP Ángel Lara
Batting: RHB Roberto Cardona 0-0: Ball
1-0: Ground out 3-1 (Groundball, 34S)
Domingo Flores scores
Luis Muñóz to third
Batting: RHB Fabrice Brodeur 0-0: Ball
1-0: Ball
2-0: Called Strike
2-1: Ball
3-1: Foul Ball, location: 2F
3-2: Strikes out looking
Top of the 8th over - 2 run(s), 0 hit(s), 1 error(s), 1 left on base; Chicago 2 - Jersey Shore 3
BOTTOM OF THE 8TH
Jersey Shore D-Bags batting - Pitching for Chicago Machine : LHP Austin Wall
Batting: LHB Mike Bryant 0-0: Fly out, F9 (Flyball, 89D)
Batting: SHB William Martel 0-0: Swinging Strike
0-1: Swinging Strike
0-2: Strikes out swinging
Batting: LHB Armando Macías 0-0: Called Strike
0-1: Called Strike
0-2: Strikes out looking
Bottom of the 8th over - 0 run(s), 0 hit(s), 0 error(s), 0 left on base; Chicago 2 - Jersey Shore 3
TOP OF THE 9TH
Chicago Machine batting - Pitching for Jersey Shore D-Bags : RHP Ángel Lara
Pitching: LHP Claude Pinard
Pinch Hitting: RHB Derek Ramsey 0-0: Foul Ball, location: 2F
0-1: Ball
1-1: Ball
2-1: SINGLE (Groundball, 6D)
Pinch Runner at 1st Pablo Sandoval:
Batting: SHB Joaquín López 0-0: Ball
1-0: Ball
2-0: Swinging Strike
2-1: Grounds into double play, 5-4-3 (Groundball, 56)
Batting: LHB Eric Wheeler 0-0: Ball
1-0: Foul Ball, location: 2F
1-1: Foul Ball, location: 2F
1-2: Ball
2-2: Strikes out swinging
Top of the 9th over - 0 run(s), 1 hit(s), 0 error(s), 0 left on base; Chicago 2 - Jersey Shore 3
This league is powered by Out of the Park Baseball, the baseball management simulation game for PC, Mac and Linux
Saturday, April 9th, 2016 - OOTP Baseball 16.8 Build 38